 Dungeon Crawl Stone Soup version 0.27-a0-1051-g288ea87c7c (webtiles) character file.

Game seed: 3430742340289140231

63 pepper333 the Skirmisher (level 3, 0/33 HPs)
             Began as a Draconian Abyssal Knight on Apr 20, 2021.
             Was a Follower of Lugonu.
             Slain by a gnoll
             ... wielding a +0 whip
              (2 damage)
             ... on level 2 of the Dungeon.
             The game lasted 00:04:52 (2260 turns).

pepper333 the Skirmisher (Draconian Abyssal Knight) Turns: 2260, Time: 00:04:53

Health: 0/33       AC:  5    Str: 14    XL:     3   Next: 87%
Magic:  4/4        EV: 12    Int: 12    God:    Lugonu [*.....]
Gold:   72         SH:  0    Dex: 11    Spells: 2/2 levels left

rFire    . . .     SeeInvis .   a - +1 short sword
rCold    . . .     Faith    .   (no shield)
rNeg     . . .     Spirit   .   (armour unavailable)
rPois    .         Reflect  .   (helmet restricted)
rElec    .         Harm     .   (no cloak)
rCorr    .         Rampage  .   (no gloves)
Will     .....                  (no boots)
Stlth    +.........             (no amulet)
HPRegen  0.11/turn              (no ring)
MPRegen  0.09/turn              (no ring)

@: no status effects
A: AC +5, unfitting armour, cold-blooded
a: Renounce Religion, Depart the Abyss


You were on level 2 of the Dungeon.
You worshipped Lugonu.
Lugonu was aware of your devotion.
You visited 1 branch of the dungeon, and saw 2 of its levels.
You visited the Abyss 1 time.

You collected 72 gold pieces.

Inventory:

Hand Weapons
 a - a +1 short sword (weapon)
Scrolls
 b - a scroll of enchant weapon {unknown}
 c - a scroll of silence {unknown}
 d - a scroll of identify {unknown}
Potions
 e - a potion of ambrosia {unknown}


   Skills:
 + Level 4.1 Fighting
 + Level 2.4 Short Blades
 + Level 3.0 Dodging
 + Level 2.2 Invocations


You had 2 spell levels left.
You didn't know any spells.
Your spell library contained the following spells:

 Spells                   Type           Power      Damage    Failure   Level
 Foxfire                  Conj/Fire      0%         2x1d4     32%         1
 Conjure Flame            Conj/Fire      0%         6-21      69%         3
 Inner Flame              Hex/Fire       0%         N/A       69%         3
 Sticky Flame             Conj/Fire      0%         2d3       97%         4
 Fireball                 Conj/Fire      0%         3d3       100%        5


Dungeon Overview and Level Annotations

Branches:
Dungeon (2/15)

Altars:


Innate Abilities, Weirdness & Mutations

Your plain brown scales are hard. (AC +5)
You cannot fit into any form of body armour.
You are cold-blooded and may be slowed by cold attacks.


Message History

The endoplasm moves out of view.
You see here a jackal corpse.
You hit the jackal.
The jackal is severely wounded.
The jackal bites you but does no damage.
You hit the jackal.
You kill the jackal!
Lugonu accepts your kill.
The endoplasm quivers.
You open the door.
The gnoll shouts!
The gnoll shouts!
There is an open door here.
You barely miss the gnoll. The endoplasm closely misses you.
The gnoll barely misses you.
You barely miss the gnoll. The endoplasm barely misses you.
The gnoll hits you with a +0 whip. The gnoll closely misses you.
You barely miss the gnoll. The endoplasm hits you.
The gnoll hits you with a +0 whip. The gnoll barely misses you.
You hit the gnoll.
The gnoll is lightly wounded.
The endoplasm misses you. The gnoll hits you with a +0 whip!
The gnoll completely misses you.
You barely miss the gnoll. You tail-slap the gnoll.
The gnoll is lightly wounded.
The endoplasm freezes you.
You are frozen.
The gnoll barely misses you. The gnoll hits you with a +0 whip.
* * * LOW HITPOINT WARNING * * *
You barely miss the gnoll.
The gnoll is lightly wounded.
The endoplasm completely misses you. The gnoll hits you with a +0 whip.
* * * LOW HITPOINT WARNING * * *
The gnoll barely misses you.
You hit the gnoll.
The gnoll is moderately wounded.
The endoplasm freezes you.
You are frozen.
* * * LOW HITPOINT WARNING * * *
The gnoll hits you with a +0 whip.
You die...

#.....##...#
##########.....#....#
#.........####......#
#.###....... ###..#.#
#...#....... #..#..#
###.#....... #..#..##
#.#..^...! #..#...
#.#.......####..#.#.#
#.#......g@J......#.#
#######.#...[..g#########..
......).###+#'#.......
######### #.#.#.....# ..#
#.#.###...#.# #.#
#...........# #.#
###.###.##### #.#
##.....###### ..#
#...........#


You could see 2 gnolls and an endoplasm.

Vanquished Creatures
  A gnoll (D:2)
  An adder (D:2)
  A dart slug (D:1)
  3 endoplasms
  3 giant cockroaches
  2 goblins (D:1)
  5 hobgoblins (D:1)
  7 jackals
  4 kobolds
  4 bats
  4 frilled lizards
  2 rats (D:1)
37 creatures vanquished.

Notes
Turn   | Place    | Note
-------+----------+-------------------------------------------
     0 | Abyss:1  | pepper333 the Draconian Abyssal Knight began the quest for
                  | the Orb.
     0 | Abyss:1  | Reached XP level 1. HP: 19/19 MP: 2/2
    54 | Abyss:1  | Noticed a green very ugly thing
    55 | D:1      | Escaped the Abyss
   215 | D:1      | Reached * piety under Lugonu
   232 | D:1      | Reached XP level 2. HP: 16/26 MP: 3/3
   433 | D:1      | You fall into a shaft and drop 1 floor!
   900 | D:1      | Reached XP level 3. HP: 33/33 MP: 4/4
   915 | D:1      | Reached skill level 4 in Fighting
  2260 | D:2      | Slain by a gnoll

Illustrated notes

Levels and vault maps discovered:
D:1:      roderic_crossed_star, layout_basic
D:2:      layout_basic

Skill      XL: |  1  2  3 |
---------------+----------+-----
Fighting       | 4 |  4.1
Dodging        | 3 |  3.0
Short Blades   | |  2.4
Invocations    | |  2.2

Action                   || total
-------------------------++-------
Melee: Short sword       ||   111
       Tailslap          ||    14
Invok: Depart the Abyss  ||     1
  Use: Potion            ||     1
Armor: Skin              ||    76
Dodge: Dodged            ||   199

Table legend: (Time is in decaauts)
 A = Elapsed time spent in this place.
 B = Non-inter-level travel time spent in this place.
 C = Inter-level travel time spent in this place.
 D = Time resting spent in this place.
 E = Time spent auto-exploring this place.
 F = Levels seen in this place.
 G = Mean time per level.
                   A        B        C        D        E       F      G
               +--------+--------+--------+--------+--------+-----+--------+
         Total |   2268 |   2268 |      0 |    558 |   1055 |   3 |  756.0 |
       Dungeon |   2213 |   2213 |      0 |    558 |   1002 |   2 | 1106.5 |
         Abyss |     55 |     55 |      0 |      0 |     53 |   1 |   55.0 |
               +--------+--------+--------+--------+--------+-----+--------+

Top non-repeatable levels by time:
     D:1: 1317 daAuts
     D:2: 896 daAuts
 Abyss:1: 55 daAuts
